 Dungeon Crawl Stone Soup version 0.28-a0-657-g71136c5590 (webtiles) character file.

Game seed: 1291405359753412845

5267 demibob the Spear-Bearer (level 10, 0/105 HPs)
             Began as a Demonspawn Abyssal Knight on Oct 14, 2021.
             Was an Elder of Lugonu.
             Slain by a killer bee (2 damage)
             ... on level 8 of the Dungeon.
             The game lasted 00:32:36 (12587 turns).

demibob the Spear-Bearer (DsAK)                    Turns: 12587, Time: 00:32:38

Health: 0/105      AC: 25    Str: 16    XL:     10   Next: 36%
Magic:  16/16      EV:  2    Int: 12    God:    Lugonu [****..]
Gold:   740        SH:  0    Dex: 14    Spells: 9/9 levels left

rFire   . . .      SeeInvis .   a - +2 spear
rCold   . . .      Faith    .   (no shield)
rNeg    . . .      Spirit   .   (armour currently unavailable)
rPois   +          Reflect  .   (helmet currently unavailable)
rElec   .          Harm     .   (cloak currently unavailable)
rCorr   +          Rampage  .   (gloves currently unavailable)
Will    .....      NoTele   +   (boots currently unavailable)
Stlth   +.........              t - amulet of the acrobat
HPRegen 0.27/turn               R - ring of resist corrosion
MPRegen 0.15/turn               (no ring)

@: lethally poisoned (0 -> -3), tree-form
A: stationary, stasis, torment immunity, boosted hp, (claws 1), (large bone
plates 1), demonic guardian 1, (spiny 1)
a: Renounce Religion, Depart the Abyss, Bend Space, Banish, Corrupt


You were on level 8 of the Dungeon.
You worshipped Lugonu.
Lugonu was greatly pleased with you.
You were a tree.
You visited 1 branch of the dungeon, and saw 8 of its levels.
You visited the Abyss 1 time.
You also visited: Sewer.

You collected 1016 gold pieces.
You spent 276 gold pieces at shops.


Innate Abilities, Weirdness & Mutations

You are a tree.
Your roots penetrate the ground, keeping you stationary.
You cannot be teleported.
You are immune to unholy pain and torment.
Your maximum health is greatly increased.
Your equipment is partially melded.
((You have sharp fingernails.))
((You are partially covered in large bone plates. (SH +4)))
A weak demonic guardian rushes to your aid.
((You are partially covered in sharp spines.))


   Skills:
 - Level 3.0 Fighting
 + Level 12.1 Polearms
 - Level 1.7 Armour
 - Level 0.8 Dodging
 - Level 8.1 Invocations
 - Level 5.5 Evocations


You had 9 spell levels left.
You didn't know any spells.
Your spell library contained the following spells:

 Spells                   Type           Power      Damage    Failure   Level
 Corpse Rot               Necr/Air       N/A        N/A       45%         2
 Dispel Undead            Necr           0%         3d6       97%         4
 Death Channel            Necr           0%         N/A       100%        6

Inventory:

Hand Weapons
 a - a +2 spear (weapon)
Missiles
 g - a curare-tipped dart (quivered) {=f}
Armour
 j - a +1 hat (melded)
 m - a +0 pair of gloves (melded)
 u - +0 steam dragon scales (melded)
Jewellery
 f - an amulet of guardian spirit
 t - an amulet of the acrobat (around neck)
 C - a ring of ice
 R - a ring of resist corrosion (left branch)
Wands
 n - a wand of mindburst (5)
 o - a wand of flame (23)
 r - a wand of polymorph (7)
Scrolls
 c - 8 scrolls of teleportation {@r2}
 p - a scroll of enchant weapon
 q - 4 scrolls of identify {@r1}
 s - a scroll of amnesia
Potions
 d - 3 potions of flight
 h - a potion of haste {@q3}
 i - a potion of magic
 k - 2 potions of brilliance

Dungeon Overview and Level Annotations

Branches:
Dungeon (8/15)             Temple (0/1) D:5           Sewer (visited)
   Lair: D:8-11

Altars:
Sif Muna

Shops:
D:2 :   D:4 [

Annotations:
Abyss:1 Harold

#....#.............
#....#.....♣≈≈≈....
#....'.....≈♣♣≈≈≈≈P
##...##.##..# ♣≈≈≈≈
####'######+# ♣≈P♣
#.......# ♣♣♣
+.......# #......5+
#######♣#
##...##y##$##
............#
............#
..........♣≈≈♣
.........♣†≈≈≈P .
........≈≈≈≈≈P≈ .
........≈≈≈≈≈≈≈ .
...............


You could see a killer bee (ally target) and a friendly shadow imp (summoned).


Message History

The killer bee is almost dead.
You feel sick.
You are no longer poisoned.
The killer bee barely misses you.
You hit the killer bee.
You kill the killer bee!
Lugonu accepts your kill.
You can now corrupt the fabric of space.
You puncture the killer bee!
The killer bee is heavily wounded.
The killer bee is struck by your spines.
The killer bee stings you.
* * * LOW HITPOINT WARNING * * *
A demonic guardian appears!
You hit the killer bee.
The killer bee is almost dead.
The killer bee stings you!
* * * LOW HITPOINT WARNING * * *
You are lethally poisoned!
The killer bee poisons you!
You are too injured to fight recklessly!
Unknown command.
Really quaff the potion of lignification?
You turn into a tree.
Your +1 hat melds into your body.
Your +0 pair of gloves melds into your body.
Your +0 steam dragon scales melds into your body.
Your roots penetrate the ground.
You feel sick. The killer bee stings you.
* * * LOW HITPOINT WARNING * * *
The killer bee stings you.
You die...

Skill      XL: |  1  2  3  4  5  6  7  8  9 10 |
---------------+-------------------------------+-----
Polearms       | 2 3 4 5 7 8 9 11 12 | 12.1
Invocations    | 3 7 8 |  8.1
Evocations     | 5 |  5.5
Fighting       | |  3.0
Armour         | |  1.7
Dodging        | |  0.8

Action                   |  1- 3 |  4- 6 |  7- 9 | 10-12 || total
-------------------------+-------+-------+-------+-------++-------
Melee: Spear             |   156 |   190 |   389 |   313 ||  1048
Throw: Dart              |       |     1 |       |       ||     1
Invok: Depart the Abyss  |     1 |       |       |       ||     1
       Banish            |       |       |     2 |       ||     2
Evoke: Wand              |       |       |    11 |    11 ||    22
  Use: Scroll            |     5 |     6 |     3 |     2 ||    16
       Potion            |       |     6 |     8 |     3 ||    17
 Stab: Sleeping          |     5 |     1 |     2 |       ||     8
       Invisible         |       |       |     6 |       ||     6
Armor: Leather armour    |    26 |    12 |    58 |    23 ||   119
       Skin              |       |    18 |       |    16 ||    34
       Steam dragon scal |       |       |       |     9 ||     9
Dodge: Dodged            |    64 |    34 |   108 |    61 ||   267
Block: Other             |       |    12 |    36 |    16 ||    64

Levels and vault maps discovered:
D:1:      sevenhm_arrival_forest_fort_large_2, layout_loops_ring,
          minmay_split_cup_small
D:2:      layout_loops_corners, serial_shops, shop,
          hellmonk_ecumenical_altar_dog_temple
D:3:      cheibrodos_fertilizer, layout_basic, cheibrodos_sewer_entry_drain,
          hex_tiny
D:4:      layout_rooms, serial_shops, nicolae_shop_behind_doors, uniq_sigmund
D:5:      layout_basic, minmay_temple_entry_sparse_star, grunt_ministairs_14,
          uniq_blork_the_orc, uniq_prince_ribbit1
D:6:      layout_basic, mainiacjoe_overflow_tiny_flanked
D:7:      layout_basic, nicolae_ossuary_entry_false_entrances, uniq_harold
D:8:      layout_gridville, fedhas_altar_fruit_tree,
          mainiacjoe_overflow_chevrons, serial_bayou, serial_bayou_ford_a,
          serial_bayou_lagoon_a, serial_bayou_lagoon_b, minmay_misc_feat_rugged,
          grunt_livestock

Notes
Turn   | Place    | Note
-------+----------+-------------------------------------------
     0 | Abyss:1  | demibob the Demonspawn Abyssal Knight began the quest for
                  | the Orb.
     0 | Abyss:1  | Reached XP level 1. HP: 18/18 MP: 2/2
    68 | Abyss:1  | Noticed a smoke demon
    69 | D:1      | You pass through the gate.
    69 | D:1      | Escaped the Abyss
   226 | D:1      | Reached skill level 2 in Polearms
   432 | D:1      | Gained mutation: A weak demonic guardian rushes to your
                  | aid. [demonic ancestry]
   432 | D:1      | Reached XP level 2. HP: 6/24 MP: 3/3
   869 | D:1      | Reached * piety under Lugonu
   917 | D:1      | Reached skill level 3 in Polearms
  1300 | D:1      | Reached XP level 3. HP: 29/29 MP: 4/4
  1417 | D:2      | Found Pidyuc's Book Boutique.
  2013 | D:2      | Found a faded altar of an unknown god.
  2688 | D:3      | Found a glowing drain.
  2705 | Sewer    | Entered a sewer
  2875 | Sewer    | Gained mutation: You are partially covered in large bone
                  | plates. (SH +4) [demonic ancestry]
  2875 | Sewer    | Reached XP level 4. HP: 22/35 MP: 5/5
  3047 | Sewer    | Reached skill level 4 in Polearms
  3100 | Sewer    | Noticed a kobold brigand
  3129 | Sewer    | Noticed a kobold brigand
  3149 | Sewer    | Killed a kobold brigand
  3150 | Sewer    | Gained mutation: You are partially covered in sharp spines.
                  | [demonic ancestry]
  3150 | Sewer    | Reached XP level 5. HP: 23/41 MP: 6/6
  3167 | Sewer    | HP: 5/61 [kobold brigand (6)]
  3176 | Sewer    | HP: 6/61 [kobold brigand (1)]
  3179 | Sewer    | HP: 2/61 [kobold brigand (3)]
  3184 | Sewer    | Reached skill level 5 in Polearms
  4324 | D:3      | Reached ** piety under Lugonu
  4427 | D:3      | Identified a scroll of acquirement
  4427 | D:3      | Acquired 634 gold pieces
  4546 | D:3      | Reached XP level 6. HP: 46/47 MP: 7/7
  4564 | D:3      | Reached skill level 6 in Polearms
  5260 | D:4      | Noticed Sigmund
  5260 | D:4      | Noticed an ice beast
  5261 | D:4      | >>lol
  5261 | D:4      | >>wtf
  5281 | D:4      | Killed an ice beast
  5300 | D:4      | Killed Sigmund
  5301 | D:4      | Reached skill level 7 in Polearms
  5301 | D:4      | Reached XP level 7. HP: 30/52 MP: 8/8
  5524 | D:4      | Found Jiphileck's Antique Armour Shoppe.
  5527 | D:4      | Bought a glowing hat for 168 gold pieces
  5527 | D:4      | Bought a pair of gloves for 108 gold pieces
  5946 | D:5      | Entered Level 5 of the Dungeon
  5946 | D:5      | Noticed a yak
  5946 | D:5      | Noticed a yak
  5946 | D:5      | Noticed a yak
  6146 | D:5      | Reached skill level 8 in Polearms
  6342 | D:5      | HP: 3/50 [wight (4)]
  6556 | D:5      | Found a staircase to the Ecumenical Temple.
  6590 | D:5      | Reached skill level 3 in Invocations
  6638 | D:5      | Gained mutation: You have sharp fingernails. [demonic
                  | ancestry]
  6638 | D:5      | Reached XP level 8. HP: 53/58 MP: 10/10
  6705 | D:5      | Reached skill level 4 in Invocations
  6783 | D:5      | Reached skill level 9 in Polearms
  6783 | D:5      | Reached skill level 5 in Invocations
  6993 | D:5      | Reached skill level 7 in Invocations
  7098 | D:5      | Noticed Prince Ribbit
  7099 | D:5      | >>shit
  7107 | D:5      | Noticed a troll
  7110 | D:5      | >>why
  7402 | D:5      | Reached XP level 9. HP: 38/63 MP: 14/14
  7613 | D:5      | Noticed Blork the orc
  7632 | D:5      | Killed Blork the orc
  7929 | D:5      | Killed Prince Ribbit
  7930 | D:5      | Reached skill level 10 in Polearms
  7930 | D:5      | Reached skill level 8 in Invocations
  8075 | D:5      | Killed a troll
  8076 | D:5      | Reached skill level 1 in Evocations
  8366 | D:6      | Reached skill level 2 in Evocations
  8370 | D:6      | Reached *** piety under Lugonu
  8644 | D:7      | Reached skill level 3 in Evocations
  8704 | D:7      | HP: 2/63 [wyvern zombie (13)]
  9133 | D:7      | Reached skill level 4 in Evocations
  9385 | D:7      | Noticed Harold
  9391 | D:7      | Banished Harold
  9392 | D:7      | Reached skill level 11 in Polearms
  9392 | D:7      | Reached skill level 5 in Evocations
  9435 | D:7      | Reached XP level 10. HP: 45/70 MP: 12/16
 11154 | D:6      | Found a shimmering blue altar of Sif Muna.
 11947 | D:8      | HP: 7/70 [steam dragon/ball of steam (6)]
 12566 | D:8      | Reached skill level 12 in Polearms
 12584 | D:8      | Reached **** piety under Lugonu
 12586 | D:8      | HP: 5/70 [killer bee (8)]
 12587 | D:8      | HP: 2/105 [killer bee (4)]
 12587 | D:8      | Slain by a killer bee

Vanquished Creatures
  A troll (D:5)
  Prince Ribbit (D:5)
  Sigmund (D:4)
  2 yaks (D:5)
  3 water moccasins
  An ice beast (D:4)
  A necrophage (D:6)
  A sky beast (D:7)
  3 black bears
  2 ogres
  3 kobold brigands
  Blork the orc (D:5)
  A bullfrog (D:7)
  A gnoll sergeant (D:7)
  A wyvern zombie (D:7)
  3 scorpions
  4 wights (D:5)
  7 killer bees (D:8)
  A howler monkey (D:7)
  5 electric eels (D:8)
  3 jellies
  2 bullfrog zombies (D:5)
  4 centaur zombies
  3 orc priests (D:6)
  A hound (D:6)
  A centaur skeleton (D:7)
  A gnoll shaman (D:6)
  A bullfrog skeleton (D:5)
  5 iguanas
  2 orc wizards
  A hound skeleton (D:5)
  A howler monkey zombie (D:7)
  10 gnolls
  A river rat (Sewer)
  9 adders
  A shadow imp (D:6)
  A white imp (D:6)
  An adder zombie (D:5)
  An adder skeleton (D:4)
  A worm (D:3)
  3 dart slugs
  7 orcs
  6 ball pythons
  15 endoplasms
  3 giant cockroaches (D:3)
  5 goblins
  3 hobgoblins
  2 jackals (D:2)
  22 kobolds
  3 quokkas
  4 bats
  4 frilled lizards (D:1)
  13 rats
183 creatures vanquished.

Vanquished Creatures (collateral kills)
  A steam dragon (D:8)
  A jelly (D:7)
  A gnoll (D:6)
  A dart slug (D:2)
  An endoplasm (D:3)
  A goblin (D:1)
6 creatures vanquished.

Vanquished Creatures (others)
  4 fungi (D:3)
  7 plants (D:8)
  12 toadstools (D:3)
23 creatures vanquished.

Grand Total: 212 creatures vanquished

Table legend: (Time is in decaauts)
 A = Elapsed time spent in this place.
 B = Non-inter-level travel time spent in this place.
 C = Inter-level travel time spent in this place.
 D = Time resting spent in this place.
 E = Time spent auto-exploring this place.
 F = Levels seen in this place.
 G = Mean time per level.
                   A        B        C        D        E       F      G
               +--------+--------+--------+--------+--------+-----+--------+
         Total |  12307 |  11962 |    345 |   4270 |   5573 |  10 | 1230.7 |
       Dungeon |  11092 |  10747 |    345 |   3575 |   5300 |   8 | 1386.5 |
         Abyss |     69 |     69 |      0 |      0 |      0 |   1 |   69.0 |
         Sewer |   1145 |   1145 |      0 |    694 |    273 |   1 | 1145.0 |
               +--------+--------+--------+--------+--------+-----+--------+

Top non-repeatable levels by time:
     D:5: 2203 daAuts
     D:7: 1945 daAuts
     D:6: 1682 daAuts
     D:3: 1423 daAuts
     D:1: 1272 daAuts
     D:2: 1268 daAuts
   Sewer: 1145 daAuts
     D:4: 862 daAuts
     D:8: 434 daAuts
 Abyss:1: 69 daAuts

Table legend:
 A = Non-vault XP
 B = Vault XP
 C = Vault XP percentage of total XP
 D = Non-vault monster count
 E = Vault monster count
 F = Vault count percentage of total count
                 A         B        C        D         E       F
            +---------+---------+-------+---------+---------+-------
      Total |    5338 |    2187 |  29.1 |     142 |      48 |  25.3
            +---------+---------+-------+---------+---------+-------
        D:1 |      34 |       8 |  19.0 |      22 |       3 |  12.0
        D:2 |      17 |       4 |  19.0 |      10 |       2 |  16.7
        D:3 |      56 |     128 |  69.6 |      12 |      22 |  64.7
        D:4 |     294 |     212 |  41.9 |      13 |       1 |   7.1
        D:5 |    1851 |     731 |  28.3 |      15 |       7 |  31.8
        D:6 |     818 |       0 |   0.0 |      28 |       0 |   0.0
        D:7 |    1212 |     873 |  41.9 |      27 |       1 |   3.6
        D:8 |    1056 |       0 |   0.0 |      15 |       0 |   0.0
      Sewer |       0 |     231 | 100.0 |       0 |      12 | 100.0
            +---------+---------+-------+---------+---------+-------
